 Dungeon Crawl Stone Soup version 0.29.1-1-gd02db6906a (webtiles) character file.

Game seed: 14968611873095259024

491 Scypho the Carver (level 6, -1/51 HPs)
             Began as a Minotaur Fighter on Oct 1, 2022.
             Was a Follower of Okawaru.
             Slain by Duvessa
             ... wielding a +0 short sword
              (9 damage)
             ... on level 4 of the Dungeon.
             The game lasted 00:09:16 (3473 turns).

Scypho the Carver (Minotaur Fighter)                Turns: 3473, Time: 00:09:18

Health: -1/51      AC:  8    Str: 21    XL:     6   Next: 91%
Magic:  5/5        EV:  9    Int:  7    God:    Okawaru [*.....]
Gold:   83         SH:  4    Dex:  9    Spells: 5/5 levels left

rFire   . . .      SeeInvis .   a - +0 long sword
rCold   . . .      Faith    .   j - +0 buckler
rNeg    . . .      Spirit   .   b - +0 scale mail
rPois   .          Reflect  .   (helmet restricted)
rElec   .          Harm     .   e - +0 cloak
rCorr   .          Rampage  .   (no gloves)
Will    .....                   (no boots)
Stlth   ..........              (no amulet)
HPRegen 0.17/turn               (no ring)
MPRegen 0.09/turn               (no ring)

@: invisible (expiring)
A: horns 2, retaliatory headbutt
a: Renounce Religion, Heroism


You were on level 4 of the Dungeon.
You worshipped Okawaru.
Okawaru was aware of your devotion.
You visited 2 branches of the dungeon, and saw 5 of its levels.

You collected 83 gold pieces.

Inventory:

Hand Weapons
 a - a +0 long sword (weapon)
Armour
 b - a +0 scale mail (worn)
 c - a +0 buckler
 e - a +0 cloak (worn)
 g - a +0 chain mail
 j - a +0 buckler (worn)
Scrolls
 d - 3 scrolls of teleportation
 k - a scroll of poison {unknown}
 n - a scroll of amnesia {unknown}
 q - a scroll of summoning {unknown}
Potions
 f - a potion of flight
 h - 2 potions of brilliance
 l - a potion of magic
 m - 2 potions of curing
 o - a potion of heal wounds


   Skills:
 - Level 3.6 Fighting
 + Level 9.1 Long Blades
 - Level 3.6 Armour
 - Level 3.6 Shields


You had 5 spell levels left.
You didn't know any spells.
Your spell library contained the following spells:

 Spells                   Type           Power      Damage    Failure   Level
 Necrotise                Necr           0%         1d4       86%         1
 Slow                     Hex            0%         N/A       86%         1
 Confusing Touch          Hex            0%         N/A       99%         3
 Vampiric Draining        Necr           0%         2d6       99%         3
 Agony                    Necr           0%         N/A       100%        5


Dungeon Overview and Level Annotations

Branches:
Dungeon (4/15)             Temple (1/1) D:4

Altars:
Ashenzari
Dithmenos
Fedhas
Hepliaklqana
Kikubaaqudgha
Makhleb
Nemelex Xobeh
Okawaru
Sif Muna
Trog
Uskayaw
The Shining One

Shops:
D:3 (

Annotations:
D:4 Duvessa


Innate Abilities, Weirdness & Mutations

You have a pair of horns on your head.
You reflexively headbutt those who attack you in melee.


Message History

You miss Dowan. Your headbutt misses Dowan. Dowan barely misses you.
You furiously retaliate!
You headbutt Dowan. You slash Dowan! You headbutt Dowan.
You kill Dowan!
Okawaru accepts your kill.
You hear a distant scream of rage.
Your base Long Blades skill increases to level 9!
Things that are here:
a +0 dagger; a +0 robe You feel like a meek peon again.
You see here 6 stones.
i - a scroll of identify;
k - a scroll labelled OFYFOXTEKA
As you read the scroll of identify, it crumbles to dust.
p - a potion of invisibility
Things that are here:
a +3 dagger; a goblin corpse
Found 5 stones.
Duvessa, Sister of Dowan comes into view.
She is wielding a +0 short sword.
Duvessa shouts!
Duvessa goes berserk!
Duvessa rages.
You fade into invisibility!
You hit Duvessa.
Duvessa hits you with a +0 short sword!!
Duvessa hits you with a +0 short sword.
You closely miss Duvessa. Duvessa barely misses you.
You closely miss Duvessa. Your headbutt misses Duvessa.
Duvessa barely misses you. Duvessa hits you with a +0 short sword!
* * * LOW HITPOINT WARNING * * *
You barely miss Duvessa. Duvessa hits you but does no damage.
Duvessa misses you. Duvessa barely misses you.
Duvessa rages.
Duvessa hits you with a +0 short sword!
* * * LOW HITPOINT WARNING * * *
You block Duvessa's attack.
You flicker for a moment.
Duvessa rages.
Duvessa hits you with a +0 short sword!
You die...

...........#.##...##.......###..#
...##.........##.##...###.......#
.###..(...##......#...#.#.....###
## ##...#####....###.........## #
###...# ##...##......##.#####
####....#####.........#.###......
..)........#..###.......# ##.##..
.###########)############ #.#...
.# ...........@e.....# ..#... .#
#...#....####.....# ...#... .# #.
#....# ###...# #....... .#
#....#######..# #......> .#
##.......(##..# .<...... .#
#...#....###.# .# #...#....# #.#
.# ##..##...# #.# .#
#..####.###.#


You could see Duvessa (berserk, unable to see you).

Vanquished Creatures
  A black bear (D:4)
  Pargi (D:4)
  A phantom (D:3)
  A scorpion (D:4)
  Dowan (D:4)
  4 gnolls
  4 adders
  A worm (D:2)
  A dart slug (D:1)
  7 endoplasms
  3 goblins
  2 hobgoblins
  5 jackals
  2 quokkas
  7 ball pythons
  3 bats
  A frilled lizard (D:2)
  3 kobolds (D:2)
48 creatures vanquished.

Notes
Turn   | Place    | Note
-------+----------+-------------------------------------------
     0 | D:1      | Scypho the Minotaur Fighter began the quest for the Orb.
     0 | D:1      | Reached XP level 1. HP: 19/19 MP: 0/0
   132 | D:1      | Reached skill level 3 in Long Blades
   462 | D:1      | Reached XP level 2. HP: 23/26 MP: 1/1
   843 | D:2      | Reached skill level 4 in Long Blades
   886 | D:2      | Reached XP level 3. HP: 29/31 MP: 2/2
  1001 | D:2      | Found a faded altar of an unknown god.
  1544 | D:3      | Reached skill level 5 in Long Blades
  2199 | D:3      | Found Nytodi's Antique Weapon Boutique.
  2525 | D:3      | Reached XP level 4. HP: 37/39 MP: 3/3
  2597 | D:4      | Found a shimmering blue altar of Sif Muna.
  2739 | D:4      | Found a staircase to the Ecumenical Temple.
  2753 | Temple   | Entered the Ecumenical Temple
  2900 | Temple   | Became a worshipper of Warmaster Okawaru
  2914 | D:4      | Noticed a black bear
  2928 | D:4      | Killed a black bear
  2929 | D:4      | Reached skill level 7 in Long Blades
  2929 | D:4      | Reached XP level 5. HP: 29/45 MP: 4/4
  3132 | D:4      | Reached XP level 6. HP: 48/51 MP: 5/5
  3156 | D:4      | Noticed Pargi
  3184 | D:4      | Killed Pargi
  3184 | D:4      | Reached * piety under Okawaru
  3185 | D:4      | Reached skill level 8 in Long Blades
  3278 | D:4      | Noticed Dowan
  3377 | D:4      | Killed Dowan
  3378 | D:4      | Reached skill level 9 in Long Blades
  3453 | D:4      | Noticed Duvessa
  3473 | D:4      | Slain by Duvessa

Illustrated notes

Levels and vault maps discovered:
D:1:      minmay_arrival_plants_in_alcoves, layout_basic,
          corexii_leaking_fountain
D:2:      layout_basic, basic_ecumenical_altar, minmay_fractal_squares_5
D:3:      layout_loops_corners, serial_shops, shop_fountains
D:4:      minmay_recursive_quarters, layout_cave_pools, led_sif_pool,
          minmay_temple_entry_drinking_statues, uniq_duvessa, uniq_pargi
Temple:   compressed_dpeg_triangle_lava_temple

Skill      XL: |  1  2  3  4  5  6 |
---------------+-------------------+-----
Long Blades    | 3 4 5 7 9 |  9.1
Fighting       | |  3.6
Armour         | |  3.6
Shields        | |  3.6

Action                   |  1- 3 |  4- 6 || total
-------------------------+-------+-------++-------
Melee: Long sword        |    80 |    62 ||   142
       Headbutt          |    13 |     9 ||    22
Invok: Heroism           |       |     1 ||     1
  Use: Scroll            |    10 |     1 ||    11
       Potion            |     1 |     2 ||     3
Armor: Scale mail        |    43 |    32 ||    75
Dodge: Dodged            |    41 |    36 ||    77
Block: Buckler           |    15 |    16 ||    31
